 Dungeon Crawl Stone Soup version 0.21-a0-552-g593960d (webtiles) character file.

59665 Klosterheim the Basher (level 14, -1/153 HPs)
             Began as an Ogre Monk on Dec 17, 2017.
             Was the Champion of Kikubaaqudgha.
             Slain by a sixfirhy (8 damage)
             ... summoned by an orc high priest
             ... on level 2 of the Orcish Mines.
             The game lasted 01:46:26 (25443 turns).

Klosterheim the Basher (Ogre Monk)                 Turns: 25443, Time: 01:46:27

Health: -1/153     AC: 12    Str: 18    XL:     14   Next: 96%
Magic:  0/37       EV: 10    Int: 20    God:    Kikubaaqudgha [******]
Gold:   1643       SH:  0    Dex:  9    Spells: 5/33 levels left

rFire    . . .     SeeInvis .   u - +4 giant spiked club (flame)
rCold    + + +     Gourm    .   (shield currently unavailable)
rNeg     . . .     Faith    .   v - +2 ice dragon scales of Sunlight {rElec rPois rF- rC++ MR++ Dex-2}
rPois    +         Spirit   +   (helmet restricted)
rElec    +         Reflect  .   s - scarf {Spirit}
rCorr    .         Harm     .   (gloves unavailable)
MR       ++++.                  (boots unavailable)
Stlth    ..........             G - amulet of rage
HPRegen  0.75/turn              R - ring of Qelehest {rF+ MP+9 Int+3 Stlth-}
MPRegen  0.25/turn              g - ring of protection from cold

@: death channel, very slightly contaminated
A: large, unfitting armour, clever 1, magic resistance 1, regeneration 1, tough
skin 1
a: Receive Corpses, Torment, Renounce Religion, Evoke Berserk Rage


You were on level 2 of the Orcish Mines.
You worshipped Kikubaaqudgha.
Kikubaaqudgha was exalted by your worship.
You were hungry.

You visited 6 branches of the dungeon, and saw 22 of its levels.
You also visited: Sewer, Ossuary and Ice Cave.

You collected 1708 gold pieces.
You spent 65 gold pieces at shops.

Inventory:

Hand Weapons
 u - a +4 giant spiked club of flaming (weapon)
Armour
 s - a scarf of spirit shield (worn)
 v - the +2 ice dragon scales of Sunlight (worn) {rElec rPois rF- rC++ MR++ Dex-2}
   (You found it in an ice cave)

   It affects your dexterity (-2).
   It makes you vulnerable to fire.
   It greatly protects you from cold.
   It insulates you from electricity.
   It protects you from poison.
   It affects your resistance to hostile enchantments.
 J - a +2 robe of fire resistance
Jewellery
 g - a ring of protection from cold (right hand)
 t - an uncursed ring of positive energy
 y - an uncursed ring of resist corrosion
 G - an amulet of rage (around neck)
 K - a +4 ring of protection
 R - the ring of Qelehest (left hand) {rF+ MP+9 Int+3 Stlth-}
   (You found it on level 6 of the Lair of Beasts)

   [ring of loudness]

   It affects your intelligence (+3).
   It protects you from fire.
   It affects your magic capacity (+9).
   It makes you less stealthy.
Wands
 j - a wand of digging (10)
 m - a wand of flame (3)
 q - a wand of random effects (4)
 r - a wand of acid (17)
 V - a wand of enslavement (17)
Scrolls
 h - 13 scrolls of remove curse
 x - a scroll of fog
 A - 4 scrolls of amnesia
 B - 7 scrolls of teleportation
 E - 2 scrolls of enchant armour
 S - 4 scrolls of identify
 U - a scroll of fear
Potions
 b - 3 potions of might
 d - 4 potions of flight
 f - a potion of cancellation
 i - 3 potions of berserk rage
 k - 7 potions of curing
 l - 3 potions of mutation
 o - a potion of magic
 z - 3 potions of brilliance
 C - 2 potions of resistance
 H - a potion of agility
 L - a potion of heal wounds
 O - a potion of ambrosia
 Q - a potion of lignification
Books
 e - a book of Necromancy

   Spells                             Type                      Level
   a - Pain                           Necromancy                   1
   b - Animate Skeleton               Necromancy                   1
   c - Vampiric Draining              Necromancy                   3
   d - Regeneration                   Charms/Necromancy            3
   e - Animate Dead                   Necromancy                   4
   f - Control Undead                 Necromancy                   4
 p - Kikubaaqudgha's Almanac of Black Rites
   (Kikubaaqudgha gifted it to you in the Ecumenical Temple)

   Spells                             Type                      Level
   a - Animate Skeleton               Necromancy                   1
   b - Corpse Rot                     Necromancy                   2
   c - Sublimation of Blood           Necromancy                   2
   d - Vampiric Draining              Necromancy                   3
   e - Control Undead                 Necromancy                   4
 D - a book of Battle

   Spells                             Type                      Level
   a - Infusion                       Charms                       1
   b - Shroud of Golubria             Charms/Translocation         2
   c - Song of Slaying                Charms                       2
   d - Spectral Weapon                Hexes/Charms                 3
   e - Regeneration                   Charms/Necromancy            3
 F - Kikubaaqudgha's Tome of Unholy Magic
   (Kikubaaqudgha gifted it to you in an ossuary)

   Spells                             Type                      Level
   a - Animate Dead                   Necromancy                   4
   b - Excruciating Wounds            Charms/Necromancy            5
   c - Cigotuvi's Embrace             Necromancy                   5
   d - Dispel Undead                  Necromancy                   5
   e - Death Channel                  Necromancy                   6
 T - a Necronomicon

   Spells                             Type                      Level
   a - Haunt                          Necromancy/Summoning         7
   b - Borgnjor's Revivification      Necromancy                   8
   c - Death's Door                   Charms/Necromancy            8
   d - Infestation                    Necromancy                   8
   e - Necromutation                  Transmutation/Necromancy     8
Miscellaneous
 P - a fan of gales
Comestibles
 c - 6 bread rations
 n - 6 meat rations
 w - 8 royal jellies


   Skills:
 + Level 13.0 Fighting
 * Level 13.9 Maces & Flails
 - Level 8.0 Dodging
 - Level 4.0 Stealth
 - Level 10.0 Spellcasting
 * Level 11.9 Necromancy
 - Level 3.0 Evocations


You had 5 spell levels left.
You knew the following spells:

 Your Spells              Type           Power        Failure   Level  Hunger
a - Animate Dead          Necr           N/A          2%          4    ##.....
b - Pain                  Necr           ####         1%          1    None
c - Death Channel         Necr           ######....   34%         6    ######.
d - Regeneration          Chrm/Necr      ####......   8%          3    None
e - Animate Skeleton      Necr           N/A          1%          1    None
f - Vampiric Draining     Necr           ######....   1%          3    None
g - Shroud of Golubria    Chrm/Tloc      ##........   41%         2    None
h - Dispel Undead         Necr           ######..     6%          5    ####...
i - Spectral Weapon       Hex/Chrm       ##......     65%         3    None


Dungeon Overview and Level Annotations

Branches:
Dungeon (11/15)            Temple (1/1) D:6            Lair (6/6) D:10
 Shoals (0/4) Lair:3       Spider (1/4) Lair:4        Slime (1/5) Lair:6
    Orc (2/2) D:10            Elf (0/3) Orc:2

Altars:
Ashenzari
Cheibriados
Dithmenos
Elyvilon
Fedhas
Gozag
Hepliaklqana
Kikubaaqudgha
Makhleb
Nemelex Xobeh
Okawaru
Qazlal
Ru
Sif Muna
Trog
Uskayaw
Vehumet
Wu Jian
Xom
Yredelemnul
Zin
The Shining One
Beogh

Shops:
D:8 *[*[*


Innate Abilities, Weirdness & Mutations

You are too large for most types of armour.
You have tough skin. (AC +1)
Your mind is acute. (Int +2)
You are resistant to hostile enchantments. (MR+)
Your natural rate of healing is unusually fast.


Message History

* * * LOW HITPOINT WARNING * * *
The sixfirhy shocks you. You resist.
* * * LOW HITPOINT WARNING * * *
The sixfirhy hits you but does no damage.
The sixfirhy barely misses you.
You see here an enchanted falchion.
Things that are here:
a mace; a chain mail The sixfirhy barely misses you.
Things that are here:
a flail; a chain mail The orc high priest no longer looks unusually strong.
The sixfirhy hits you but does no damage.
The sixfirhy hits you!
* * * LOW HITPOINT WARNING * * *
The sixfirhy shocks you. You resist.
* * * LOW HITPOINT WARNING * * *
The sixfirhy hits you!
You die...
Kikubaaqudgha rasps: "You have failed me!
Welcome... death!"

#......##..............##.....##
##....##.......#..#....#.......#
##..............###...##....#..#
#...............####.#>#........
##.###...........##.....#......#
####....))......#..).(......###
##.......[.............#.#
####.....[#)...........#.#...#
#..........#..@...........#.##
##...........)3....#......####
##..._.......[)....##....###
#............)....##......#
#..........)o.....##...#.##
...........(...#.###...###
.......#)#o#.#####
.......[[o#### .#..#.)))(#.#
#######


You could see an orc knight, an orc high priest, a sixfirhy and an orc warrior.

Vanquished Creatures
  The ghost of Celandrion the Covert, a journeyman OpFE of Vehumet (Lair:6)
  The ghost of Statics the Thaumaturge, a journeyman GnWr of Cheibriados (IceCv)
  3 hydras
  Erolcha (Orc:1)
  A merfolk avatar (Lair:6)
  Erica (D:8)
  5 death yaks (Lair:2)
  5 two-headed ogres
  Urug (Orc:2)
  3 orc high priests (Orc:2)
  The ghost of Statics the Archer, a novice GnHu (D:7)
  A sea snake (Lair:6)
  A harpy (Lair:6)
  5 orc knights (Orc:2)
  2 orc sorcerers
  A cyclops (Orc:2)
  2 ugly things (IceCv)
  5 black mambas
  3 ice statues (IceCv)
  Joseph (D:8)
  11 elephants
  12 spiny frogs
  3 rime drakes
  7 komodo dragons
  2 ice devils (Orc:1)
  3 polar bears
  2 hornets
  A troll (D:10)
  2 jumping spiders (Lair:4)
  15 blink frogs
  A slime creature (Lair:6)
  5 hippogriffs
  3 redbacks (Lair:4)
  Sigmund (D:2)
  A spriggan (Lair:4)
  A wraith (D:10)
  21 yaks
  2 wyverns
  4 hungry ghosts
  2 basilisks
  A warg (Orc:2)
  6 swamp worms
  8 water moccasins
  11 porcupines
  21 orc warriors
  3 sky beasts
  9 ice beasts
  A necrophage (D:5)
  3 black bears
  5 ogres
  2 wolves (Lair:4)
  4 centaurs
  11 crocodiles
  The ghost of aspa the Magician, an amateur OpWz (Sewer)
  2 big kobolds
  2 elf zombies (Ossuary)
  11 bullfrogs
  A gnoll sergeant (D:8)
  A water moccasin skeleton (D:4)
  2 wyvern skeletons
  A scorpion (D:10)
  8 killer bees
  2 howler monkeys (D:8)
  3 crimson imps
  5 hounds
  25 orc priests
  2 centaur zombies
  3 jellies
  2 human zombies (Ossuary)
  11 orc wizards
  2 bullfrog skeletons
  2 centaur skeletons
  Terence (D:2)
  7 worker ants
  2 big kobold zombies (Ossuary)
  A hound skeleton (D:5)
  2 mummies (Ossuary)
  9 gnolls
  7 adders
  A howler monkey skeleton (D:5)
  A shadow imp (D:7)
  7 oozes
  An adder zombie (Ossuary)
  15 worms
  2 dart slugs (D:1)
  7 leopard geckos
  65 orcs
  10 giant cockroaches
  8 goblins
  12 hobgoblins
  20 jackals
  5 quokkas
  7 ball pythons
  9 bats
  4 frilled lizards
  A goblin zombie (Ossuary)
  5 hobgoblin zombies (Ossuary)
  A jackal skeleton (D:5)
  2 jackal zombies (Ossuary)
  25 kobolds
  7 kobold zombies (Ossuary)
  A leopard gecko skeleton (D:5)
  13 orc zombies (Ossuary)
  2 quokka skeletons
  10 rats
  A butterfly (D:6)
  5 fungi
  6 plants
596 creatures vanquished.

Vanquished Creatures (collateral kills)
  A death yak (Lair:2)
  A two-headed ogre (D:10)
  7 elephants
  2 spiny frogs (Lair:6)
  A komodo dragon (Lair:5)
  2 polar bears
  7 blink frogs (Lair:5)
  2 hippogriffs
  3 yaks
  A wyvern (Lair:6)
  A swamp worm (Lair:6)
  3 orc warriors (Orc:2)
  A wolf (Lair:4)
  A centaur (Lair:3)
  2 ogres
  4 crocodiles
  A bullfrog (Lair:5)
  A killer bee (D:9)
  A jelly (D:10)
  A human zombie (Ossuary)
  3 orc priests (Orc:2)
  A worm (Lair:6)
  A leopard gecko (D:9)
  17 orcs
  A jackal zombie (Ossuary)
  A kobold (D:9)
  2 fungi (D:10)
  2 plants (Lair:6)
71 creatures vanquished.

Vanquished Creatures (others)
  A crocodile (Lair:6)
  A bush (Lair:2)
  36 fungi
  38 plants
  2 spectral weapons (Orc:2)
78 creatures vanquished.

Grand Total: 745 creatures vanquished

Notes
Turn   | Place    | Note
-------+----------+-------------------------------------------
     0 | D:1      | Klosterheim the Ogre Monk began the quest for the Orb.
     0 | D:1      | Reached XP level 1. HP: 24/24 MP: 1/1
   114 | D:1      | Reached XP level 2. HP: 29/32 MP: 2/2
   332 | D:1      | Reached XP level 3. HP: 32/40 MP: 3/3
  1061 | D:2      | Noticed Terence
  1073 | D:2      | Gained mutation: Your natural rate of healing is unusually fast. [potion of mutation]
  1073 | D:2      | Gained mutation: You are resistant to hostile enchantments. (MR+) [potion of mutation]
  1073 | D:2      | Gained mutation: Your mind is acute. (Int +2) [potion of mutation]
  1088 | D:2      | Killed Terence
  1088 | D:2      | Reached XP level 4. HP: 22/49 MP: 4/4
  1428 | D:2      | Noticed Sigmund
  1453 | D:2      | Killed Sigmund
  1453 | D:2      | Reached skill level 5 in Fighting
  1453 | D:2      | Reached XP level 5. HP: 8/57 MP: 5/5
  1453 | D:2      | Reached XP level 6. HP: 9/66 MP: 6/6
  2253 | D:3      | Reached skill level 5 in Maces & Flails
  2678 | D:4      | Found a white marble altar of Elyvilon.
  2991 | D:4      | Reached XP level 7. HP: 72/75 MP: 7/7
  3641 | D:4      | Found a basalt altar of Yredelemnul.
  3690 | D:4      | Learned a level 1 spell: Animate Skeleton
  3779 | D:5      | Entered Level 5 of the Dungeon
  3957 | D:5      | Found a glowing drain.
  3985 | Sewer    | Entered a sewer
  4201 | Sewer    | Noticed aspa's ghost (amateur OpWz)
  4212 | Sewer    | Killed aspa's ghost
  4212 | Sewer    | Reached XP level 8. HP: 71/87 MP: 4/8
  4998 | D:5      | Reached skill level 5 in Dodging
  5713 | D:6      | Reached XP level 9. HP: 96/96 MP: 9/9
  5739 | D:6      | Found a runed door.
  5751 | D:6      | Found a staircase to the Ecumenical Temple.
  6055 | Temple   | Entered the Ecumenical Temple
  6172 | Temple   | Became a worshipper of Kikubaaqudgha
  6172 | Temple   | Reached * piety under Kikubaaqudgha
  6172 | Temple   | Identified Kikubaaqudgha's Almanac of Black Rites (Kikubaaqudgha gifted it to you in the Ecumenical Temple)
  6172 | Temple   | Received a gift from Kikubaaqudgha
  6172 | Temple   | Reached ** piety under Kikubaaqudgha
  6622 | D:6      | Found a roughly hewn altar of Beogh.
  6690 | D:7      | Reached skill level 1 in Necromancy
  6763 | D:7      | Found a sparkling altar of Nemelex Xobeh.
  6845 | D:7      | Noticed Statics's ghost (novice GnHu)
  6879 | D:7      | Killed Statics's ghost
  6964 | D:7      | Learned a level 1 spell: Pain
  7196 | D:7      | Found a shadowy altar of Dithmenos.
  7196 | D:7      | Found a radiant altar of Vehumet.
  7201 | D:7      | Found a shattered altar of Ashenzari.
  7203 | D:7      | Found a stormy altar of Qazlal.
  7205 | D:7      | Found a shimmering altar of Xom.
  7261 | D:7      | Found a glowing silver altar of Zin.
  7602 | D:8      | Noticed a two-headed ogre
  7609 | D:8      | Killed a two-headed ogre
  7625 | D:8      | Reached XP level 10. HP: 17/107 MP: 1/14
  8165 | D:8      | Found Mepecatz's General Store.
  8173 | D:8      | Bought a potion of heal wounds for 65 gold pieces
  8173 | D:8      | Found a sand-covered staircase.
  8182 | Ossuary  | Entered an ossuary
  8188 | Ossuary  | Learned a level 4 spell: Control Undead
  8205 | Ossuary  | Reached *** piety under Kikubaaqudgha
  8205 | Ossuary  | Identified Kikubaaqudgha's Tome of Unholy Magic (Kikubaaqudgha gifted it to you in an ossuary)
  8205 | Ossuary  | Received a gift from Kikubaaqudgha
  8211 | Ossuary  | Learned a level 3 spell: Regeneration
  8603 | Ossuary  | Reached **** piety under Kikubaaqudgha
  8758 | D:8      | Noticed a two-headed ogre
  8772 | D:8      | HP: 4/107 [two-headed ogre/giant spiked club (24)]
  8797 | D:8      | Killed a two-headed ogre
  8925 | D:8      | Noticed Erica
  8937 | D:8      | Killed Erica
  8978 | D:8      | Reached skill level 5 in Necromancy
  9001 | D:8      | Noticed a two-headed ogre
  9150 | D:8      | Found Wuridghehupt's General Store.
  9190 | D:8      | Noticed a two-headed ogre
  9215 | D:8      | Killed a two-headed ogre
  9215 | D:8      | Reached skill level 10 in Fighting
  9267 | D:8      | Reached skill level 1 in Evocations
  9418 | D:8      | Found Joegh's Armour Emporium.
  9548 | D:8      | Found Pepis's Assorted Antiques.
  9550 | D:8      | Noticed Joseph
  9714 | D:8      | Killed Joseph
  9714 | D:8      | Reached XP level 11. HP: 89/117 MP: 10/18
  9758 | D:8      | Learned a level 4 spell: Animate Dead
 10027 | D:8      | Killed a two-headed ogre
 10027 | D:8      | Reached skill level 10 in Maces & Flails
 10131 | D:8      | Found Ereifos's Antique Armour Emporium.
 10248 | D:8      | Reached skill level 5 in Spellcasting
 11619 | D:10     | Entered Level 10 of the Dungeon
 11725 | D:10     | Noticed a two-headed ogre
 11746 | D:10     | Killed a two-headed ogre
 11872 | D:10     | Learned a level 3 spell: Vampiric Draining
 11950 | D:10     | Noticed a two-headed ogre
 11963 | D:10     | Killed a two-headed ogre
 12341 | D:10     | Found a staircase to the Lair.
 12558 | D:10     | Found a staircase to the Orcish Mines.
 13002 | Lair:1   | Entered Level 1 of the Lair of Beasts
 13022 | Lair:1   | Reached XP level 12. HP: 117/126 MP: 19/21
 13187 | Lair:1   | Noticed an eight-headed hydra
 13552 | D:10     | Killed an eight-headed hydra
 14452 | Lair:1   | Learned a level 2 spell: Shroud of Golubria
 15041 | Lair:2   | Learned a level 5 spell: Dispel Undead
 15971 | Lair:3   | Noticed a death yak
 15972 | Lair:3   | Found a staircase to the Shoals.
 15972 | Lair:3   | Noticed a death yak
 15973 | Lair:3   | Noticed a death yak
 15974 | Lair:3   | Noticed a death yak
 15974 | Lair:3   | Noticed a death yak
 16040 | Lair:2   | Killed a death yak
 16163 | Lair:2   | Killed a death yak
 16318 | Lair:2   | Killed a death yak
 16675 | Lair:3   | Noticed a death yak
 16711 | Lair:3   | Reached ***** piety under Kikubaaqudgha
 16783 | Lair:2   | Killed a death yak
 16783 | Lair:2   | Reached XP level 13. HP: 116/136 MP: 17/24
 17850 | Lair:4   | Found a hole to the Spider Nest.
 18390 | Spider:1 | Entered Level 1 of the Spider Nest
 18831 | Lair:5   | Reached skill level 10 in Necromancy
 19694 | Lair:6   | Entered Level 6 of the Lair of Beasts
 20140 | Lair:5   | Paralysed by a hornet for 2 turns
 20232 | Lair:6   | Noticed Celandrion's ghost (journeyman OpFE)
 20664 | Lair:6   | Killed Celandrion's ghost
 20664 | Lair:6   | Reached XP level 14. HP: 141/149 MP: 4/27
 21106 | Lair:6   | Got a transparent iron ring
 21108 | Lair:6   | Identified the ring of Qelehest {rF+ MP+9 Int+3 Stlth-} (You found it on level 6 of the Lair of Beasts)
 21507 | Lair:6   | Learned a level 6 spell: Death Channel
 21511 | Lair:6   | Learned a level 3 spell: Spectral Weapon
 22080 | Lair:6   | Found a staircase to the Slime Pits.
 22192 | Lair:6   | Reached ****** piety under Kikubaaqudgha
 22194 | Lair:6   | Received a gift from Kikubaaqudgha
 22524 | Slime:1  | Entered Level 1 of the Pits of Slime
 22799 | D:10     | Found a staircase to the Orcish Mines.
 22803 | Orc:1    | Entered Level 1 of the Orcish Mines
 22803 | Orc:1    | Noticed Erolcha
 22812 | Orc:1    | Killed Erolcha
 22836 | Orc:2    | Entered Level 2 of the Orcish Mines
 22956 | Orc:2    | Found a staircase to the Elven Halls.
 23009 | Orc:2    | Found a roughly hewn altar of Beogh.
 23140 | Orc:1    | Noticed Urug
 23303 | Orc:2    | Killed Urug
 23368 | Orc:1    | Found a frozen archway.
 23387 | IceCv    | Entered an ice cave
 23387 | IceCv    | Noticed Statics's ghost (journeyman GnWr)
 23425 | IceCv    | Killed Statics's ghost
 23961 | IceCv    | Got spiked ice dragon scales
 23972 | IceCv    | Identified the +2 ice dragon scales of Sunlight {rElec rPois rF- rC++ MR++ Dex-2} (You found it in an ice cave)
 24420 | Orc:1    | Reached skill level 10 in Spellcasting
 25443 | Orc:2    | HP: 7/153 [sixfirhy[an orc high priest] (2)]
 25443 | Orc:2    | Slain by a sixfirhy

Vault maps used:
D:1:      lemuel_arrival_funnel
D:2:      uniq_sigmund, uniq_terence
D:4:      kennysheep_ying_yang, first_bread
D:5:      gup_sewer_entry_pipe, hangedman_abyss_or_decor_stabs
D:6:      minmay_temple_entry_butterflies, grunt_ministairs_13,
          minmay_statues_item, lightli_church_of_beogh
D:7:      zin_statuary, chequers_temple_overflow_minitemple,
          nemelex_lonely_heart_becter
D:8:      enter_ossuary_2, serial_glass, glass_columns_b, glass_columns_a,
          serial_shops, shop_fountains,
          nicolae_shop_temple_entry_statues_fountains, shop,
          kennysheep_little_box, shop, uniq_erica, uniq_joseph
D:9:      serial_co_window_serial, co_window_cross_1, co_window_corner_a,
          co_window_corner_a, co_window_corner_a, co_window_corner_a,
          co_window_broadway_a, co_window_unsneaky_path_d, co_window_broadway_a,
          co_window_corner_b, glass_columns_c, glass_columns_a, glass_columns_a,
          glass_columns_a
D:10:     due_lair_maze_entry_diamond
D:11:     uniq_nergalle, uniq_psyche
Temple:   jpeg_temple_clearing
Lair:3:   minmay_shoals_entry_centaurs
Lair:4:   spider_nest_entry_a, grunt_forest_stairs_clearing, grunt_megastairs_5
Lair:6:   gammafunk_lair_ancient_temple, nicolae_slime_entry_slimehenge,
          worms_lemuel, infiniplex_staircase_pool
Orc:1:    portal_ice_cave_demonic_guard, uniq_erolcha, uniq_urug
Orc:2:    st_orc_pillars, basic_altar, nicolae_orc_crystal_geode
Sewer:    kennysheep_pipe_town
Ossuary:  ossuary_tomb_1
IceCv:    ice_cave_statue_garden_chambered

Skill      XL: |  1  2  3  4  5  6  7  8  9 10 11 12 13 14 |
---------------+-------------------------------------------+-----
Maces & Flails | 3 4 5 6 7 8 9 10 11 12 13 | 13.9
Dodging        | 3 4 5 6 7 8 |  8.0
Fighting       | 5 6 7 8 9 10 12 13 | 13.0
Necromancy     | 3 5 7 9 10 11 | 11.9
Spellcasting   | 3 4 6 7 9 10 | 10.0
Evocations     | 1 3 |  3.0
Stealth        | 2 3 4 |  4.0

Action                   |  1- 3 |  4- 6 |  7- 9 | 10-12 | 13-15 || total
-------------------------+-------+-------+-------+-------+-------++-------
Melee: Mace              |   129 |    99 |       |       |       ||   228
       Flail             |       |   100 |    32 |       |       ||   132
       Giant club        |       |       |   161 |       |       ||   161
       Giant spiked club |       |       |   183 |   783 |   695 ||  1661
 Cast: Animate Skeleton  |       |       |    11 |     2 |     1 ||    14
       Pain              |       |       |     6 |    42 |     1 ||    49
       Control Undead    |       |       |       |     5 |       ||     5
       Regeneration      |       |       |       |    11 |    10 ||    21
       Animate Dead      |       |       |       |    35 |    46 ||    81
       Shroud of Golubri |       |       |       |     8 |     6 ||    14
       Vampiric Draining |       |       |       |     8 |       ||     8
       Dispel Undead     |       |       |       |       |     7 ||     7
       Death Channel     |       |       |       |       |     6 ||     6
       Spectral Weapon   |       |       |       |       |     4 ||     4
Invok: Receive Corpses   |       |       |       |     7 |     3 ||    10
       Receive Necronomi |       |       |       |       |     1 ||     1
 Abil: Evoke Berserk Rag |       |       |       |     4 |     2 ||     6
Evoke: Wand              |       |       |     7 |     6 |       ||    13
  Use: Potion            |     4 |     2 |     4 |    11 |     9 ||    30
       Scroll            |       |     5 |    10 |    14 |    16 ||    45
 Stab: Sleeping          |     2 |       |     3 |     5 |     5 ||    15
       Invisible         |     2 |       |       |     2 |       ||     4
       Distracted        |       |       |       |     5 |     5 ||    10
  Eat: Chunk             |     1 |     6 |    15 |    41 |    30 ||    93
       Fruit             |       |       |       |     5 |     2 ||     7
       Bread ration      |       |       |       |     2 |     2 ||     4
       Royal jelly       |       |       |       |     3 |       ||     3
Armor: Robe              |    49 |    58 |   120 |   252 |   205 ||   684
       Ice dragon scales |       |       |       |       |    72 ||    72
Dodge: Dodged            |    78 |   145 |   285 |   678 |   688 ||  1874

Table legend:
 A = Spawn XP
 B = Non-spawn XP
 C = Spawn XP percentage of total XP
 D = Spawn monster count
 E = Non-spawn monster count
 F = Spawn count percentage of total count
 G = Total turns spent on level
                    A         B        C        D         E        F      G
               +---------+---------+-------+---------+---------+-------+---------
         Total |       0 |   85236 |   0.0 |       0 |     651 |   0.0 | 25443
               +---------+---------+-------+---------+---------+-------+---------
           D:1 |       0 |      72 |   0.0 |       0 |      38 |   0.0 |   987
           D:2 |       0 |     311 |   0.0 |       0 |      20 |   0.0 |   724
           D:3 |       0 |     167 |   0.0 |       0 |      31 |   0.0 |  1159
           D:4 |       0 |     409 |   0.0 |       0 |      16 |   0.0 |  1025
           D:5 |       0 |     622 |   0.0 |       0 |      22 |   0.0 |   891
           D:6 |       0 |     909 |   0.0 |       0 |      47 |   0.0 |  1175
           D:7 |       0 |     875 |   0.0 |       0 |       7 |   0.0 |   906
           D:8 |       0 |    7169 |   0.0 |       0 |      34 |   0.0 |  2236
           D:9 |       0 |    2440 |   0.0 |       0 |      35 |   0.0 |  1521
          D:10 |       0 |    5993 |   0.0 |       0 |      32 |   0.0 |  1722
        Lair:1 |       0 |    3832 |   0.0 |       0 |      19 |   0.0 |  1263
        Lair:2 |       0 |    7746 |   0.0 |       0 |      22 |   0.0 |  1500
        Lair:3 |       0 |    2483 |   0.0 |       0 |      14 |   0.0 |  1186
        Lair:4 |       0 |    5277 |   0.0 |       0 |      21 |   0.0 |  1159
        Lair:5 |       0 |   11594 |   0.0 |       0 |      44 |   0.0 |  2309
        Lair:6 |       0 |   16328 |   0.0 |       0 |      64 |   0.0 |  1872
         Orc:1 |       0 |    2747 |   0.0 |       0 |      14 |   0.0 |   542
         Orc:2 |       0 |   11204 |   0.0 |       0 |      95 |   0.0 |  1455
         Sewer |       0 |     260 |   0.0 |       0 |      25 |   0.0 |   561
       Ossuary |       0 |     433 |   0.0 |       0 |      39 |   0.0 |   461
         IceCv |       0 |    4365 |   0.0 |       0 |      12 |   0.0 |   643
               +---------+---------+-------+---------+---------+-------+---------
